 Dungeon Crawl Stone Soup version 0.15.1-3-g1b33baa (webtiles) character file.

238 Johnny the Chiller (level 5, -5/40 HPs)
             Began as a Demigod Ice Elementalist on Oct 11, 2014.
             Killed from afar by Dowan (10 damage)
             ... with a shard of ice
             ... on Level 4 of the Dungeon.
             The game lasted 00:07:09 (2575 turns).

Johnny the Chiller (Demigod Ice Elementalist)       Turns: 2575, Time: 00:07:10

HP  -5/40        AC 10     Str 11      XL: 5   Next: 48%
MP   6/12        EV  9     Int 21      God:
Gold 128         SH  0     Dex 17      Spells:  2 memorised,  4 levels left

rFire  . . .     SeeInvis +     x - +0 dagger (venom)
rCold  . . .     Clarity  .     g - +0 ring mail
rNeg   . . .     rCorr    .     (no shield)
rPois  .         rRot     .     l - +2 hat {SInv}
rElec  .         Spirit   .     (no cloak)
SustAb .         Warding  .     (no gloves)
rMut   .         Stasis   .     (no boots)
Gourm  .                        f - amulet of rage
MR     .....                    (no ring)
                                d - +3 ring of protection

@: very slightly contaminated, hasted, very quick, not resistant to hostile
enchantments, unstealthy
A: no striking features
a: Evoke Berserk Rage


You were on level 4 of the Dungeon.
You were not hungry.

You visited 1 branch of the dungeon, and saw 4 of its levels.

You collected 128 gold pieces.

Inventory:

Hand weapons
 e - a +0 spear
 x - a +0 dagger of venom (weapon)
Armour
 a - a +0 robe
 g - a +0 ring mail (worn)
 l - a +2 hat of see invisible (worn)
Comestibles
 c - 2 bread rations
 j - 8 fruits
 n - 3 meat rations
 z - a chunk of bat flesh
Scrolls
 h - a scroll of magic mapping {unknown}
 i - 3 scrolls of teleportation {unknown}
 o - 2 scrolls of identify {unknown}
 p - 3 scrolls of remove curse {unknown}
 q - a scroll of fog {unknown}
 s - a scroll of blinking {unknown}
 v - a scroll of enchant armour {unknown}
Jewellery
 d - a +3 ring of protection (left hand)
 f - an amulet of rage (around neck)
Potions
 k - a potion of degeneration {unknown}
 m - a potion of haste
 r - a potion of poison {unknown}
 t - a potion of heal wounds {unknown}
 u - a potion of curing
Books
 b - a book of Frost

   Spells                             Type                      Level
   *Freeze                            Ice                          1
   Throw Frost                        Conjuration/Ice              2
   Ozocubu's Armour                   Charms/Ice                   3
   *Throw Icicle                      Conjuration/Ice              4
   Summon Ice Beast                   Ice/Summoning                4
   Condensation Shield                Ice                          4


   Skills:
 + Level 1.1 Fighting
 + Level 1.2 Polearms
 + Level 0.8 Armour
 + Level 2.9 Dodging
 + Level 2.3 Stealth
 + Level 2.5 Spellcasting
 + Level 0.8 Conjurations
 + Level 4.0 Ice Magic


You had 4 spell levels left.
You knew the following spells:

 Your Spells              Type           Power        Failure   Level  Hunger
a - Freeze                Ice            ###.         4%          1    None
b - Throw Icicle          Conj/Ice       ##......     82%         4    ####...


Dungeon Overview and Level Annotations

Branches:
Dungeon (4/15)
 Temple: D:4-7

Annotations:
D:4 Dowan


Message History

Aim: Duvessa, wielding a short sword and wearing a chain mail (almost dead, fast, poisoned)
You freeze Duvessa.
Duvessa is almost dead.
Dowan gestures at you while chanting. The puff of frost hits you!
Duvessa hits you with a short sword!
* * * LOW HITPOINT WARNING * * *
You kill Duvessa!
Dowan seems overcome with grief, but rights himself reflexively soon after.
Dowan seems to find hidden reserves of power!
Your Fighting skill increases to level 1!
Your Ice Magic skill increases to level 4!
Dowan points at you and mumbles some strange words.
The stone arrow hits you!
* * * LOW HITPOINT WARNING * * *
Dowan mumbles some strange words.
Dowan blinks!
There is a stone staircase leading up here.
Dowan casts a spell at you. The shard of ice hits you!
You die...

.###############.....####.#......
...............#####..###.....###
..........####...#......#.....###
##........## ###.##.#...#........
...........# #.........'........
##.........####..##.#...#........
#................#.#............
#.........#####.##.###..###.....
#........[.....@................
#...######§≈#....#.####..#.#+#.#
#..###⌠#⌠##≈#......# #.... #..<.
#####≈≈≈≈≈#≈#.....####.#.. #.###
##≈...≈#≈.........#.##. #.e..
#⌠≈...≈#≈#+#'#.##.#.##.##.###
#≈._..'...e)..##.#.##..#.#
#⌠≈...≈#≈..[...##.#.# #.#.#
##≈...§#≈......##.#.# #...#


You could see Dowan.

Vanquished Creatures
  Sigmund (D:2)
  Duvessa (D:4)
  2 adders (D:2)
  A worm (D:2)
  2 giant geckos (D:3)
  An ooze (D:1)
  4 orcs (D:3)
  A giant cockroach (D:4)
  7 goblins
  6 hobgoblins
  4 jackals (D:1)
  11 kobolds
  3 quokkas
  10 bats
  6 giant newts
  3 rats
63 creatures vanquished.

Notes
Turn   | Place    | Note
--------------------------------------------------------------
     0 | D:1      | Johnny, the Demigod Ice Elementalist, began the quest for the Orb.
     0 | D:1      | Reached XP level 1. HP: 14/14 MP: 3/3
   105 | D:1      | Reached skill level 3 in Ice Magic
   196 | D:1      | Reached XP level 2. HP: 12/20 MP: 2/4
   825 | D:2      | Reached XP level 3. HP: 23/26 MP: 1/7
  1095 | D:2      | Noticed Sigmund
  1111 | D:2      | Killed Sigmund
  1111 | D:2      | Reached skill level 1 in Polearms
  1111 | D:2      | Reached XP level 4. HP: 26/34 MP: 0/10
  2249 | D:4      | Found a sparkling altar of Nemelex Xobeh.
  2328 | D:4      | Noticed Dowan
  2367 | D:4      | Learned a level 4 spell: Throw Icicle
  2463 | D:4      | Found a bloodstained altar of Trog.
  2477 | D:4      | Reached XP level 5. HP: 39/39 MP: 12/12
  2526 | D:4      | Noticed Duvessa
  2570 | D:4      | Killed Duvessa
  2570 | D:4      | Reached skill level 1 in Fighting
  2570 | D:4      | Reached skill level 4 in Ice Magic
  2575 | D:4      | Killed from afar by Dowan

Action                   |  1- 3 |  4- 6 || total
-------------------------+-------+-------++-------
Melee: Spear             |    95 |    80 ||   175
       Unarmed           |     3 |       ||     3
       Dagger            |       |    20 ||    20
 Cast: Freeze            |    26 |    15 ||    41
  Use: Potion            |       |     2 ||     2
 Stab: Sleeping          |     2 |     5 ||     7
  Eat: Chunk             |     1 |     5 ||     6
